 Dungeon Crawl Stone Soup version 0.30-a0-395-gfe72c296f8 (webtiles) character file.

Game seed: 10212077077336410510

98326 LetschGu the Markstengu (level 16, 0/86 (100) HPs)
             Began as a Tengu Hunter on Dec 7, 2022.
             Was a High Priest of Okawaru.
             Slain by a +7 dire flail of draining (8 damage)
             ... on level 1 of the Elven Halls.
             The game lasted 01:48:10 (30503 turns).

LetschGu the Markstengu (Tengu Hunter)             Turns: 30503, Time: 01:48:11

HP:   0/86 (100)    AC: 10    Str: 16    XL:     16   Next: 22%
MP:   23/23         EV: 22    Int: 30    God:    Okawaru [*****.]
Gold: 358           SH:  0    Dex: 18    Spells: 3/17 levels left

rFire   . . .      SeeInvis +    b - +4 great sword "Concordance" {vorpal, Dex+4}
rCold   . . .      Faith    .    (shield currently unavailable)
rNeg    . . .      Spirit   .    R - +1 robe of Xioqol {rElec Will++ Dex-3}
rPois   +          Reflect  .    r - +0 mask of the Dragon {Will+ Slay+3 SInv}
rElec   +          Harm     .    l - +0 cloak "Macypp" {Regen+ Str+2 Int+4}
rCorr   .          Rampage  .    m - +1 pair of gloves
Will    ++++.                    (boots unavailable)
Stlth   +++.......               A - amulet of the acrobat
HPRegen 1.14/turn                y - +4 ring of protection
MPRegen 0.18/turn                W - ring of Copuerghi {*Corrode rPois Str+2 Int+8}

@: flying quickly and evasively, studying Shields, heavily drained, quick
A: beak, talons 3, nimble flight
a: Renounce Religion, Heroism, Finesse, Duel


You were on level 1 of the Elven Halls.
You worshipped Okawaru.
Okawaru was extremely pleased with you.
You visited 5 branches of the dungeon, and saw 24 of its levels.
You also visited: Bailey and Volcano.

You collected 3057 gold pieces.
You spent 2699 gold pieces at shops.

Inventory:

Hand Weapons
 a - a +2 longbow of electrocution
 b - the +4 great sword "Concordance" (weapon) {vorpal, Dex+4}
   (You found it on level 9 of the Dungeon)

   It inflicts extra damage upon your enemies.
   Dex:       It affects your dexterity (+4).
 c - a +1 great sword of flaming
 e - the +1 sling "Ocicraf" {drain, rElec Will++}
   (You found it on level 8 of the Dungeon)

   A truly terrible weapon, it drains the life of any living foe it strikes.
   rElec:     It insulates you from electricity.
   Will:      It greatly increases your willpower.
 x - a +0 short sword of holy wrath
Missiles
 L - 3 datura-tipped darts
Armour
 l - the +0 cloak "Macypp" (worn) {Regen+ Str+2 Int+4}
   (Okawaru gifted it to you on level 15 of the Dungeon)

   Str:       It affects your strength (+2).
   Int:       It affects your intelligence (+4).
   Regen:     It increases your rate of health regeneration.
 m - a +1 pair of gloves (worn)
 r - the +0 mask of the Dragon (worn) {Will+ Slay+3 SInv}
   (You bought it in a shop on level 10 of the Dungeon)

   Slay:      It affects your accuracy & damage with ranged weapons and melee
   (+3).
   SInv:      It lets you see invisible.
   Will:      It increases your willpower.
 G - a +0 robe of positive energy
 J - the +1 robe of Brilliance {Int+4 Dex+4}
   (You bought it in a shop on level 9 of the Dungeon)

   Int:       It affects your intelligence (+4).
   Dex:       It affects your dexterity (+4).
 R - the +1 robe of Xioqol (worn) {rElec Will++ Dex-3}
   (You found it on level 1 of the Lair of Beasts)

   Dex:       It affects your dexterity (-3).
   rElec:     It insulates you from electricity.
   Will:      It greatly increases your willpower.
Jewellery
 n - a ring of ice
 u - a ring of protection from fire
 y - a +4 ring of protection (left hand)
 A - an amulet of the acrobat (around neck)
 D - a ring of protection from fire
 M - a ring of ice
 Q - a +6 ring of intelligence
 W - the ring of Copuerghi (right hand) {*Corrode rPois Str+2 Int+8}
   (You found it in a bailey)

   [ring of poison resistance]

   Str:       It affects your strength (+2).
   Int:       It affects your intelligence (+8).
   rPois:     It protects you from poison.
   *Corrode:  It may corrode you when you take damage.
Wands
 S - a wand of digging (2)
 U - a wand of roots (1)
Scrolls
 d - 2 scrolls of vulnerability
 f - 4 scrolls of immolation
 h - 5 scrolls of enchant armour
 i - 7 scrolls of fear
 j - 12 scrolls of teleportation
 o - 3 scrolls of magic mapping
 q - 9 scrolls of enchant weapon
 s - 3 scrolls of poison
 z - 7 scrolls of identify
 B - 4 scrolls of blinking
 E - 7 scrolls of fog
 N - 3 scrolls of silence
Potions
 g - 3 potions of might
 k - 4 potions of ambrosia
 p - a potion of lignification
 t - 7 potions of brilliance
 v - 13 potions of curing
 w - 4 potions of magic
 C - 5 potions of haste
 F - 3 potions of heal wounds
 H - a potion of invisibility
 K - 5 potions of resistance
 T - 5 potions of berserk rage
 X - a potion of cancellation


   Skills:
 + Level 11.2 Fighting
 - Level 8.8(10.6) Short Blades
 + Level 9.3(10.9) Long Blades
 * Level 15.2 Ranged Weapons
 + Level 10.7 Dodging
 - Level 6.3 Stealth
 + Level 1.4 Spellcasting
 - Level 6.8 Conjurations
 - Level 2.8 Translocations
 * Level 11.7 Air Magic
 + Level 8.4 Invocations
 + Level 8.9 Evocations


You had 3 spell levels left.
You knew the following spells:

 Your Spells              Type           Power      Damage    Failure   Level
a - Apportation           Tloc           38%        N/A       2%          1
b - Vhi's Electric Charg  Tloc/Air       90%        N/A       1%          3
c - Lightning Bolt        Conj/Air       27%        1d44      5%          5
d - Mephitic Cloud        Conj/Pois/Air  39%        N/A       1%          3
e - Blink                 Tloc           38%        N/A       3%          2

Your spell library contained the following spells:

 Spells                   Type           Power      Damage    Failure   Level
 Momentum Strike          Conj/Tloc      62%        3d9       1%          2
 Poisonous Vapours        Pois/Air       74%        N/A       1%          2
 Static Discharge         Conj/Air       100%       2-7/arc   1%          2
 Cigotuvi's Dreadful Rot  Necr/Pois/Air  50%        N/A       2%          2
 Hailstorm                Conj/Ice       22%        3d7       6%          3
 Lesser Beckoning         Tloc           38%        N/A       8%          3
 Freeze                   Ice            8%         1d3       9%          1
 Frozen Ramparts          Ice            4%         1d1       26%         3
 Ozocubu's Armour         Ice            2%         N/A       26%         3
 Arcjolt                  Conj/Air       27%        1d37      5%          5
 Ice Form                 Ice/Tmut       2%         N/A       63%         4
 Alistair's Intoxication  Tmut/Pois      1%         N/A       93%         5
 Metabolic Englaciation   Hex/Ice        1%         N/A       93%         5
 Maxwell's Capacitive Co  Air            32%        ∞         99%         8
 Summon Ice Beast         Ice/Summ       Unusable   N/A       N/A         4
 Simulacrum               Ice/Necr       Unusable   N/A       N/A         6

Dungeon Overview and Level Annotations

Branches:
Dungeon (15/15)            Temple (1/1) D:6            Lair (5/5) D:8
  Swamp (0/4) Lair:2       Spider (0/4) Lair:3        Slime (0/5) Lair:4
    Orc (2/2) D:10            Elf (1/3) Orc:2        Vaults (0/5) D:14
 Depths (0/4) D:15         Bailey (visited)         Volcano (visited)

Altars:
Ashenzari
Cheibriados
Dithmenos
Elyvilon
Fedhas
Gozag
Hepliaklqana
Kikubaaqudgha
Makhleb
Nemelex Xobeh
Okawaru
Qazlal
Ru
Sif Muna
Trog
Uskayaw
Vehumet
Wu Jian
Xom
Yredelemnul
Zin
The Shining One
Jiyva

Shops:
D:2 =   D:4 (   D:9 *[[[   D:10 [(   D:12 :   Orc:1 ?[(   Orc:2 !???=
Elf:1 [(=

Portals:
Abyss: D:15

Annotations:
D:12 exclusions: meliai and 1 more exclusion
D:14 exclusion: 2 doors
D:15 2 transporters, Omyecom's ghost, journeyman DsFi


Innate Abilities, Weirdness & Mutations

You have a beak for a mouth.
You have claws for feet.
Your magical nature lets you fly swiftly and evasively.


Message History

Okawaru accepts your kill.
Unknown command.
You hear the crackle of electricity.
a - a +2 longbow of electrocution (weapon)
You see here a +1 war axe of venom.
You reach down and open the door.
There is an open door here.
You reach down and open the door.
There is an open door here.
There is an open door here.
As you open the door, it creaks loudly!
A +7 dire flail of draining comes into view.
You shoot an arrow.
The arrow barely misses the +7 dire flail of draining.
Your +2 longbow of electrocution stops crackling.
You feel agile.
b - the +4 great sword "Concordance" (weapon)
{vorpal, Dex+4}
Okay, then.
You hit the +7 dire flail of draining.
Your kick misses the +7 dire flail of draining.
Your peck misses the +7 dire flail of draining.
The +7 dire flail of draining is lightly damaged.
The +7 dire flail of draining barely misses you.
The +7 dire flail of draining hits you!
You feel drained.
You slash the +7 dire flail of draining!
You claw the +7 dire flail of draining.
The +7 dire flail of draining is moderately damaged.
The +7 dire flail of draining hits you!!
You feel drained.
You are too injured to fight recklessly!
You are too injured to fight recklessly!
Unknown command.
You hit the +7 dire flail of draining. You claw the +7 dire flail of draining!
Your peck misses the +7 dire flail of draining.
The +7 dire flail of draining is almost destroyed.
The +7 dire flail of draining completely misses you.
The +7 dire flail of draining hits you!!
* * * LOW HITPOINT WARNING * * *
You feel drained.
You die...

.# .... .## .... ..# ..... ..#
..... ..# .... .## ..# .)## #'##
##.## #(## ##.## ##@## ##.##
##.### # ##.## ##..# # ##.######
##.## # ##'#...## ##...##
########.[...####.....###########
'.....'.......'....#..####...###.
#######....#########..###....###.
# #....# #..###....###.


You could see a +7 dire flail of draining.

Vanquished Creatures
  A deep elf sorcerer (Elf:1)
  An ironbound preserver (D:14)
  A caustic shrike skeleton (D:15)
  The ghost of crabbyslav the Cleaver, a journeyman GrFi of Makhleb (Lair:4)
  A dire elephant (Lair:5)
  Erolcha (Orc:1)
  6 hydras
  An ogre mage (D:15)
  3 centaur warriors
  2 catoblepae
  4 boulder beetles
  7 two-headed ogres
  3 dancing weapons (Elf:1)
  A tengu warrior (D:15)
  5 death yaks
  A hell knight (Volcano)
  3 orc high priests (Orc:2)
  2 wizards
  A necromancer (D:15)
  2 lindwurms (Lair:5)
  8 deep elf pyromancers
  A phantasmal warrior (D:15)
  2 deep elf zephyrmancers (Elf:1)
  3 wolf spiders
  9 orc knights
  An oklob plant (Lair:5)
  25 ugly things
  5 orc sorcerers (Orc:2)
  9 cyclopes
  5 manticores
  An elephant (Lair:4)
  2 molten gargoyles (Volcano)
  2 frost giant skeletons (D:15)
  8 black mambas
  A smoke demon (Volcano)
  7 cane toads
  A gargoyle (D:11)
  2 torpor snails (Lair:5)
  3 rime drakes (Lair:5)
  3 kobold demonologists
  An efreet (D:13)
  2 freezing wraiths (D:15)
  7 komodo dragons
  2 guardian mummies (D:15)
  A tengu conjurer (D:15)
  2 red devils (Volcano)
  8 trolls
  A polar bear (shapeshifter) (D:13)
  2 polar bears
  3 tyrant leeches (Lair:2)
  A spriggan zombie (D:15)
  8 blink frogs (Lair:3)
  16 dream sheep
  5 culicivoras (Lair:3)
  3 slime creatures (D:12)
  A centaur simulacrum (D:13)
  3 jumping spiders (Lair:3)
  An air elemental (Elf:1)
  7 wyverns
  34 yaks
  5 basilisks
  A water elemental (Elf:1)
  A shadow (D:10)
  A wraith (D:7)
  Eustachio (D:5)
  A redback (Lair:3)
  2 steam dragons
  2 fire bats (Volcano)
  5 vampire mosquitoes
  A swamp worm (Lair:2)
  A warg (D:10)
  14 two-headed ogre zombies (Orc:1)
  An acid dragon (D:13)
  12 water moccasins
  Duvessa (D:5)
  35 orc warriors
  2 black bears
  2 hell hounds (Volcano)
  2 sky beasts
  12 ogres
  8 wolves
  A boggart (Elf:1)
  6 centaurs
  2 phantoms
  A kobold brigand (D:9)
  Blork the orc (D:4)
  7 bullfrogs
  4 wights (D:7)
  Dowan (D:5)
  16 killer bees
  2 howler monkeys
  7 lava snakes (Volcano)
  2 hounds (D:3)
  5 gnoll boudas
  14 orc priests
  Crazy Yiuf (D:3)
  2 jellies (D:6)
  Jessica (D:3)
  Terence (D:2)
  2 iguanas
  25 orc wizards
  Ijyb (D:5)
  Natasha (thrice) (D:3)
  14 hell rats
  18 gnolls
  8 adders
  2 white imps
  3 ufetubi
  4 worms
  2 dart slugs
  85 orcs
  6 ball pythons
  9 bats
  3 endoplasms
  2 giant cockroaches
  10 hobgoblins
  3 quokkas
  2 frilled lizards
  6 goblins
  17 kobolds
  9 rats
  A butterfly (Lair:1)
672 creatures vanquished.

Vanquished Creatures (others)
  An unseen horror (D:13)
  An orc wizard (Orc:2)
  A bush (Lair:4)
  30 fungi
  51 plants
  4 withered plants (D:15)
88 creatures vanquished.

Grand Total: 760 creatures vanquished

Notes
Turn   | Place    | Note
-------+----------+-------------------------------------------
     0 | D:1      | LetschGu the Tengu Hunter began the quest for the Orb.
     0 | D:1      | Reached XP level 1. HP: 12/12 MP: 2/2
    96 | D:1      | Reached XP level 2. HP: 17/17 MP: 3/3
   317 | D:1      | Reached XP level 3. HP: 20/21 MP: 4/4
   872 | D:2      | Found Qeanuss's Jewellery Shop.
   948 | D:2      | Noticed Terence
  1113 | D:2      | Reached skill level 5 in Ranged Weapons
  1300 | D:3      | Noticed Jessica
  1302 | D:3      | Killed Jessica
  1303 | D:3      | Reached XP level 4. HP: 27/27 MP: 5/5
  1350 | D:3      | Found a runed translucent door.
  1351 | D:3      | Noticed Crazy Yiuf
  1538 | D:3      | Gained mutation: Your magical nature lets you fly swiftly
                  | and evasively. [Tengu growth]
  1538 | D:3      | Reached XP level 5. HP: 30/32 MP: 6/6
  1577 | D:3      | Noticed Natasha
  1612 | D:3      | Killed Natasha
  1677 | D:3      | You are sucked into a shaft and drop 1 floor!
  1682 | D:4      | Identified the +3 flail of Nemelex Xobeh's Pride {drain,
                  | rElec Str+3}
  1751 | D:3      | Noticed Natasha
  1757 | D:3      | Killed Natasha
  1780 | D:3      | Noticed Natasha
  1829 | D:3      | Killed Natasha
  1830 | D:3      | Reached skill level 1 in Short Blades
  1865 | D:3      | Reached skill level 6 in Ranged Weapons
  1865 | D:3      | Reached XP level 6. HP: 35/37 MP: 7/7
  2408 | D:4      | Found Locufar's Weapon Emporium.
  2490 | D:4      | Noticed Blork the orc
  2497 | D:4      | Killed Blork the orc
  2498 | D:4      | Reached XP level 7. HP: 41/41 MP: 8/8
  2677 | D:4      | Found a hazy altar of Hepliaklqana.
  2762 | D:4      | Found a basalt altar of Yredelemnul.
  3366 | D:5      | Entered Level 5 of the Dungeon
  3404 | D:5      | Noticed Eustachio
  3554 | D:5      | Noticed Ijyb
  4068 | D:5      | Reached skill level 7 in Ranged Weapons
  4450 | D:6      | Reached XP level 8. HP: 48/48 MP: 9/9
  4505 | D:6      | Found a staircase to the Ecumenical Temple.
  4515 | D:6      | Reached skill level 1 in Evocations
  4516 | Temple   | Entered the Ecumenical Temple
  4614 | Temple   | Became a worshipper of Warmaster Okawaru
  5133 | D:7      | Noticed a wyvern
  5257 | D:7      | Reached skill level 5 in Short Blades
  5443 | D:7      | Reached * piety under Okawaru
  5593 | D:7      | Reached skill level 8 in Ranged Weapons
  5593 | D:7      | Reached skill level 5 in Dodging
  5597 | D:7      | Reached XP level 9. HP: 52/52 MP: 10/10
  5773 | D:7      | Reached skill level 1 in Long Blades
  5788 | D:7      | Reached skill level 5 in Fighting
  5788 | D:7      | Reached skill level 1 in Invocations
  5932 | D:7      | Identified the +2 ring mail of Enwoixun {+Inv Str+3 Dex+3}
  6642 | D:8      | Reached ** piety under Okawaru
  6662 | D:8      | Noticed a two-headed ogre
  6684 | D:8      | Killed a two-headed ogre
  6685 | D:8      | Reached skill level 5 in Stealth
  7207 | D:2      | Killed Terence
  7594 | D:3      | Killed Crazy Yiuf
  7652 | D:5      | Noticed Duvessa
  7652 | D:5      | Noticed Dowan
  7661 | D:5      | Killed Eustachio
  7662 | D:5      | Reached skill level 9 in Ranged Weapons
  7662 | D:5      | Reached XP level 10. HP: 59/60 MP: 12/12
  7690 | D:5      | Killed Duvessa
  7699 | D:5      | Killed Dowan
  7812 | D:5      | Killed Ijyb
  8007 | D:8      | Identified the +1 sling "Ocicraf" {drain, rElec Will++}
  8021 | D:8      | Reached *** piety under Okawaru
  8044 | D:8      | Noticed a death yak
  8048 | D:8      | Noticed a death yak
  8048 | D:8      | Noticed a death yak
  8424 | D:9      | Found Cuexuq's Assorted Antiques.
  8430 | D:9      | Bought a scroll labelled TOTIDEOZIN for 28 gold pieces
  8430 | D:9      | Bought a scroll labelled NUIPNUWEAV for 28 gold pieces
  8430 | D:9      | Bought a fizzy sapphire potion for 25 gold pieces
  8430 | D:9      | Bought an amethyst potion for 25 gold pieces
  8430 | D:9      | Bought a scroll of identify for 56 gold pieces
  8454 | D:9      | Found Kashytes's Armour Shoppe.
  8677 | D:8      | Killed a death yak
  8824 | D:7      | Killed a death yak
  8824 | D:7      | Reached **** piety under Okawaru
  9169 | D:8      | Reached ***** piety under Okawaru
  9221 | D:7      | Killed a death yak
  9222 | D:7      | Reached skill level 10 in Ranged Weapons
  9222 | D:7      | Reached XP level 11. HP: 61/67 MP: 14/14
  9280 | D:8      | Found a staircase to the Lair.
 10118 | D:9      | Found Zeyto's Armour Shop.
 10244 | D:9      | Identified the +4 great sword "Concordance" {vorpal, Dex+4}
 10361 | D:9      | Found Ykucw's Antique Armour Boutique.
 10368 | D:9      | Bought a bloodstained robe for 182 gold pieces
 10368 | D:9      | Identified the +1 robe of Brilliance {Int+4 Dex+4} (You
                  | bought it in a shop on level 9 of the Dungeon)
 10419 | D:10     | Entered Level 10 of the Dungeon
 10533 | D:10     | Found a flagged portal.
 10542 | Bailey   | Entered a bailey
 10605 | Bailey   | Noticed an orc knight
 10661 | Bailey   | Killed an orc knight
 10736 | Bailey   | Found a large runed translucent door.
 10736 | Bailey   | Found a large runed translucent door.
 10738 | Bailey   | Noticed a deep elf pyromancer
 10796 | Bailey   | Killed a deep elf pyromancer
 10796 | Bailey   | Received a gift from Okawaru
 10815 | Bailey   | Identified the ring of Copuerghi {*Corrode rPois Str+2
                  | Int+8}
 11517 | D:10     | Noticed a two-headed ogre
 11543 | D:10     | Killed a two-headed ogre
 11544 | D:10     | Reached skill level 5 in Evocations
 11880 | D:10     | Found Gaggut's Armour Boutique.
 11882 | D:10     | Found a staircase to the Orcish Mines.
 11884 | D:10     | Found Moton's Weapon Boutique.
 12008 | D:11     | Noticed a two-headed ogre
 12026 | D:10     | Killed a two-headed ogre
 12027 | D:10     | Reached skill level 5 in Long Blades
 12255 | D:10     | Bought the +0 mask of the Dragon {Will+ Slay+3 SInv} for
                  | 534 gold pieces
 12255 | D:10     | Found the +0 mask of the Dragon {Will+ Slay+3 SInv}
 12394 | D:11     | Reached skill level 11 in Ranged Weapons
 12484 | D:11     | Noticed a two-headed ogre
 12506 | D:11     | Killed a two-headed ogre
 12507 | D:11     | Reached skill level 5 in Invocations
 12507 | D:11     | Reached XP level 12. HP: 51/75 MP: 16/16
 12953 | D:12     | Reached ****** piety under Okawaru
 13092 | D:12     | Found Wieret's Book Boutique.
 13404 | D:12     | Noticed a boulder beetle
 13561 | D:12     | Learned a level 1 spell: Apportation
 13565 | D:12     | Learned a level 3 spell: Vhi's Electric Charge
 13605 | D:12     | Received a gift from Okawaru
 13631 | D:12     | Killed a boulder beetle
 13993 | Lair:1   | Entered Level 1 of the Lair of Beasts
 14325 | Lair:1   | Reached skill level 1 in Air Magic
 14383 | Lair:1   | Reached skill level 1 in Translocations
 14387 | Lair:1   | Identified the +1 robe of Xioqol {rElec Will++ Dex-3}
 15015 | Lair:2   | Identified the +9 plate armour "Fekk" {*Corrode rPois rC+}
                  | (Okawaru gifted it to you on level 2 of the Lair of Beasts)
 15015 | Lair:2   | Received a gift from Okawaru
 15198 | Lair:2   | Found a staircase to the Swamp.
 15658 | Lair:3   | Noticed an eight-headed hydra
 15662 | Lair:3   | Killed an eight-headed hydra
 15663 | Lair:3   | Reached skill level 12 in Ranged Weapons
 16030 | Lair:3   | Reached XP level 13. HP: 80/80 MP: 18/18
 16030 | Lair:3   | Found a hole to the Spider Nest.
 17014 | Lair:4   | Noticed crabbyslav's ghost (journeyman GrFi)
 17016 | Lair:4   | Found a transporter.
 17152 | Lair:4   | Received a gift from Okawaru
 17152 | Lair:4   | Found the +8 orange crystal plate armour {Archmagi, Int+3
                  | Clar}
 17164 | Lair:4   | Found a dark tunnel.
 17191 | Volcano  | Entered a volcano
 17702 | Volcano  | Found a burning altar of Makhleb.
 18058 | Lair:4   | Learned a level 5 spell: Lightning Bolt
 18154 | Lair:4   | Reached skill level 5 in Air Magic
 18173 | Lair:4   | Reached skill level 1 in Conjurations
 18433 | Lair:4   | Found a transporter.
 18651 | Lair:4   | Found a staircase to the Slime Pits.
 18653 | Lair:4   | Found a viscous altar of Jiyva.
 18969 | Lair:5   | Entered Level 5 of the Lair of Beasts
 19129 | Lair:5   | Reached skill level 13 in Ranged Weapons
 19297 | Lair:5   | Reached XP level 14. HP: 82/87 MP: 20/20
 19665 | Lair:5   | Reached skill level 10 in Fighting
 20020 | Lair:5   | Received a gift from Okawaru
 20097 | Lair:5   | Noticed a dire elephant
 20427 | Lair:5   | Killed a dire elephant
 21127 | Lair:4   | Killed crabbyslav's ghost
 21307 | Lair:4   | Identified the +0 chain mail of Immorality {rCorr Str-2
                  | Dex+6} (Okawaru gifted it to you on level 4 of the Lair of
                  | Beasts)
 21307 | Lair:4   | Received a gift from Okawaru
 21720 | Orc:1    | Entered Level 1 of the Orcish Mines
 21720 | Orc:1    | Found a burning altar of Makhleb.
 21747 | D:10     | Learned a level 3 spell: Mephitic Cloud
 21885 | Orc:1    | Found Heum's Armour Shoppe.
 22193 | Orc:1    | Noticed Erolcha
 22199 | Orc:1    | Killed Erolcha
 22509 | Orc:1    | Found Azoaranuf's Antique Weapon Boutique.
 22631 | Orc:2    | Entered Level 2 of the Orcish Mines
 22746 | Orc:2    | Found Eninihow's Distillery.
 23166 | Orc:2    | Found a staircase to the Elven Halls.
 23738 | Orc:2    | Paralysed by an orc sorcerer for 2 turns
 23766 | Orc:2    | Reached skill level 14 in Ranged Weapons
 23965 | Orc:2    | Reached skill level 5 in Conjurations
 24265 | Orc:2    | Reached XP level 15. HP: 41/90 MP: 11/21
 24460 | Orc:2    | Found Onnytic's Jewellery Shop.
 24460 | Orc:2    | Found Buiguof's Magic Scroll Emporium.
 24462 | Orc:2    | Found Kytea's Magic Scroll Shop.
 24462 | Orc:2    | Found Yxalat's Magic Scroll Emporium.
 24473 | Orc:2    | Bought a scroll of enchant weapon for 105 gold pieces
 24473 | Orc:2    | Bought a scroll of magic mapping for 105 gold pieces
 24473 | Orc:2    | Bought a scroll of teleportation for 42 gold pieces
 24473 | Orc:2    | Bought a scroll of poison for 56 gold pieces
 24473 | Orc:2    | Bought a scroll of fog for 56 gold pieces
 24475 | Orc:2    | Bought a scroll of magic mapping for 90 gold pieces
 24475 | Orc:2    | Bought a scroll of fog for 48 gold pieces
 24475 | Orc:2    | Bought a scroll of teleportation for 36 gold pieces
 24476 | Orc:2    | Bought a scroll of teleportation for 48 gold pieces
 24476 | Orc:2    | Bought a scroll of enchant weapon for 120 gold pieces
 24476 | Orc:2    | Bought a scroll of teleportation for 48 gold pieces
 24476 | Orc:2    | Bought a scroll of poison for 64 gold pieces
 24476 | Orc:2    | Bought a scroll of teleportation for 48 gold pieces
 24476 | Orc:2    | Bought a scroll of teleportation for 48 gold pieces
 24476 | Orc:2    | Bought a scroll of silence for 152 gold pieces
 24551 | Orc:2    | Bought a potion of ambrosia for 104 gold pieces
 24551 | Orc:2    | Bought a potion of curing for 39 gold pieces
 24551 | Orc:2    | Bought 2 potions of curing for 78 gold pieces
 24551 | Orc:2    | Bought a potion of mutation for 104 gold pieces
 24551 | Orc:2    | Bought a potion of magic for 104 gold pieces
 24551 | Orc:2    | Bought a potion of berserk rage for 65 gold pieces
 24626 | Orc:1    | Found Ciaxarchu's Magic Scroll Shop.
 24634 | Orc:1    | Bought a scroll of fog for 72 gold pieces
 24634 | Orc:1    | Bought a scroll of enchant weapon for 135 gold pieces
 24634 | Orc:1    | Bought a scroll of teleportation for 54 gold pieces
 25068 | D:13     | Learned a level 2 spell: Blink
 25481 | D:13     | Reached skill level 10 in Dodging
 25651 | D:13     | Received a gift from Okawaru
 26612 | D:14     | Found a glowing silver altar of Zin.
 26664 | D:14     | Found a gate to the Vaults.
 26680 | D:14     | Reached skill level 10 in Air Magic
 28247 | D:15     | Entered Level 15 of the Dungeon
 28968 | D:15     | Found a transporter.
 28974 | D:15     | Noticed a tentacled starspawn
 28974 | D:15     | Noticed a tentacled starspawn
 29043 | D:15     | Identified the +0 cloak "Macypp" {Regen+ Str+2 Int+4}
                  | (Okawaru gifted it to you on level 15 of the Dungeon)
 29043 | D:15     | Received a gift from Okawaru
 29094 | D:15     | Reached skill level 15 in Ranged Weapons
 29096 | D:15     | Found a transporter.
 29096 | D:15     | Noticed a tentacled monstrosity
 29102 | D:15     | Noticed Omyecom's ghost (journeyman DsFi)
 29105 | D:15     | Found a one-way gate to the infinite horrors of the Abyss.
 29163 | D:15     | Found a staircase to the Depths.
 29178 | D:15     | Reached XP level 16. HP: 96/100 MP: 23/23
 29757 | Elf:1    | Entered Level 1 of the Elven Halls
 30066 | Elf:1    | Reached skill level 1 in Spellcasting
 30235 | Elf:1    | Found Qofocwug's Armour Boutique.
 30235 | Elf:1    | Found Qeno Boraghe's Weapon Shop.
 30239 | Elf:1    | Found Juuciwk's Jewellery Boutique.
 30503 | Elf:1    | Slain by a +7 dire flail of draining

Illustrated notes

Levels and vault maps discovered:
D:1:      heliophobic_arrival_glass_houses, layout_basic
D:2:      layout_loops_corners, serial_shops, nicolae_shop_hallway_plus,
          grunt_decor_fettered, uniq_terence
D:3:      layout_loops_ring, serial_bayou, serial_bayou_pond_c,
          serial_bayou_crossing, serial_bayou_shore_a, serial_bayou_lagoon_a,
          uniq_jessica, uniq_natasha, uniq_crazy_yiuf_cottage
D:4:      layout_basic, lemuel_coloured_pillars_altar,
          nzn_hepliaklqana_mist_gate, serial_shops, nicolae_shop_hallway_plus,
          uniq_blork_the_orc
D:5:      layout_basic, kennysheep_decorative_pillar, uniq_eustachio, uniq_ijyb,
          uniq_duvessa
D:6:      layout_rooms, minmay_temple_entry_sparse_star
D:7:      layout_loops_ring, grunt_ministairs_3, kennysheep_pointless_box
D:8:      layout_basic, dpeg_lair_monsters, grunt_ogre_cave, minivault_22
D:9:      layout_long_grid, serial_shops, shop, nicolae_diamond_shop,
          nicolae_inconvenience_store, shop
D:10:     layout_stronghold, orc_david_3, enter_bailey_6
D:11:     layout_basic
D:12:     layout_long_grid, serial_shops, shop, chequers_mini_garden
D:13:     minmay_inside_and_out, layout_stronghold
D:14:     layout_basic, skrybe_vaults_entry_preservation,
          corexii_hall_statues_i, minivault_16, zin_statuary
D:15:     gammafunk_depths_entry_grave, layout_basic, hangedman_decor_points,
          gammafunk_ghost_abyssal_escape
Temple:   nicolae_temple_slightly_damp_pantheon
Lair:1:   layout_long_grid, grunt_megastairs_5, infiniplex_staircase_pool_2,
          lemuel_fruit_fields, serial_bayou_shore_b
Lair:2:   layout_chaotic_city, minmay_swamp_entry_worms
Lair:3:   layout_regular_city, nicolae_spider_entry_tight_spaces
Lair:4:   layout_long_grid, dpeg_slime_entry_corner, enter_volcano_1,
          gammafunk_ghost_arena
Lair:5:   hangedman_lair_in_review, layout_small_grid
Orc:1:    lemuel_ogre_cave, layout_diamond_mine, basic_altar, serial_shops,
          nicolae_diamond_shop, shop, nicolae_diamond_shop
Orc:2:    grunt_orc_tribal_feast, layout_diamond_mine, serial_shops, shop
Elf:1:    layout_geoelf_grid, hangedman_elf_disciples, hangedman_glass_teeth,
          minmay_shop_star, lemuel_upstairs_altar

Skill      XL: |  1  2  3  4  5  6  7  8  9 10 11 12 13 14 15 16 |
---------------+-------------------------------------------------+-----
Ranged Weapons | 5 6 7 8 9 10 11 12 13 14 15 | 15.2
Stealth        | 2 3 4 5 6 |  6.3
Dodging        | 3 4 5 6 7 8 9 10 | 10.7
Fighting       | 3 4 6 7 8 9 10 11 | 11.2
Short Blades   | 1 2 3 5 6 7 8 |  8.8
Evocations     | 2 3 4 5 6 7 8 |  8.9
Long Blades    | 2 4 5 6 7 8 9 |  9.3
Invocations    | 2 3 5 6 7 8 |  8.4
Air Magic      | 3 6 9 11 | 11.7
Translocations | 1 2 |  2.8
Conjurations   | 2 5 6 |  6.8
Spellcasting   | 1 |  1.4

Action                   |  1- 3 |  4- 6 |  7- 9 | 10-12 | 13-15 | 16-18 || total
-------------------------+-------+-------+-------+-------+-------+-------++-------
Melee: Dagger            |       |    47 |    56 |       |       |       ||   103
       Kick              |       |    16 |    80 |   128 |   138 |     9 ||   371
       Peck              |       |     7 |    46 |    77 |    84 |     4 ||   218
       Short sword       |       |       |   119 |   169 |    12 |       ||   300
       Long sword        |       |       |    44 |    57 |       |       ||   101
       Punch             |       |       |     2 |     5 |       |       ||     7
       Great sword       |       |       |       |    88 |   344 |    23 ||   455
       Longbow           |       |       |       |       |       |     2 ||     2
 Fire: Shortbow          |   101 |    74 |   214 |   250 |       |       ||   639
       Longbow           |       |       |       |   132 |   906 |   102 ||  1140
 Cast: Lightning Bolt    |       |       |       |       |     1 |     1 ||     2
       Mephitic Cloud    |       |       |       |       |     1 |       ||     1
       Vhi's Electric Ch |       |       |       |       |     1 |     3 ||     4
Invok: Heroism           |       |       |     1 |     1 |     9 |       ||    11
       Finesse           |       |       |       |       |     7 |       ||     7
Evoke: Wand              |       |     1 |     6 |    16 |    24 |     1 ||    48
  Use: Scroll            |     1 |     9 |     2 |    17 |     3 |       ||    32
       Potion            |       |       |     1 |     1 |       |       ||     2
 Stab: Sleeping          |       |       |     1 |     2 |       |     1 ||     4
       Confused          |       |       |       |       |     1 |       ||     1
       Petrified         |       |       |       |       |     1 |       ||     1
Armor: Leather armour    |     4 |    23 |    45 |       |       |       ||    72
       Steam dragon scal |       |       |    37 |    21 |       |       ||    58
       Robe              |       |       |       |    38 |   107 |     9 ||   154
Dodge: Dodged            |    31 |    79 |   225 |   293 |   582 |    59 ||  1269

Table legend: (Time is in decaauts)
 A = Elapsed time spent in this place.
 B = Non-inter-level travel time spent in this place.
 C = Inter-level travel time spent in this place.
 D = Time resting spent in this place.
 E = Time spent auto-exploring this place.
 F = Levels seen in this place.
 G = Mean time per level.
                   A        B        C        D        E       F      G
               +--------+--------+--------+--------+--------+-----+--------+
         Total |  28603 |  25995 |   2608 |   4274 |  14361 |  26 | 1100.1 |
       Dungeon |  17341 |  15478 |   1863 |   1941 |   9411 |  15 | 1156.1 |
        Temple |    303 |    287 |     16 |    124 |    123 |   1 |  303.0 |
          Lair |   6360 |   5851 |    509 |   1049 |   3277 |   5 | 1272.0 |
  Orcish Mines |   2802 |   2583 |    219 |    717 |   1099 |   2 | 1401.0 |
   Elven Halls |    694 |    694 |      0 |     67 |    449 |   1 |  694.0 |
        Bailey |    298 |    298 |      0 |      0 |      0 |   1 |  298.0 |
       Volcano |    801 |    801 |      0 |    375 |      0 |   1 |  801.0 |
               +--------+--------+--------+--------+--------+-----+--------+

Top non-repeatable levels by time:
  Lair:5: 1925 daAuts
   Orc:2: 1880 daAuts
    D:13: 1736 daAuts
    D:14: 1641 daAuts
  Lair:4: 1637 daAuts
     D:8: 1601 daAuts
     D:7: 1528 daAuts
    D:10: 1421 daAuts
     D:3: 1256 daAuts
    D:15: 1158 daAuts
  Lair:3: 1110 daAuts
     D:4: 1011 daAuts
    D:12: 984 daAuts
     D:5: 935 daAuts
     D:2: 929 daAuts
